 Dungeon Crawl Stone Soup version 0.31-a0-188-g5e087ee2ca (webtiles) character file.

Game seed: 4401132211292101178

49 qw the Shooter (level 3, -6/20 HPs)
             Began as a Deep Elf Hunter on June 23, 2023.
             Mangled by Sigmund
             ... wielding a +0 scythe
              (10 damage)
             ... on level 2 of the Dungeon.
             The game lasted 00:00:26 (1082 turns).

qw the Shooter (Deep Elf Hunter)                    Turns: 1082, Time: 00:00:27

Health: -6/20      AC:  6    Str: 10    XL:     3   Next: 51%
Magic:  5/5        EV:  9    Int: 13    God:
Gold:   101        SH:  0    Dex: 18    Spells: 2/2 levels left

rFire   . . .        Y - +0 shortbow
rCold   . . .        (shield currently unavailable)
rNeg    . . .        g - +0 scale mail
rPois   .            (no helmet)
rElec   .            (no cloak)
rCorr   .            (no gloves)
SInv    .            (no boots)
Will    .....        e - amulet of the acrobat
Stlth   +            (no ring)
HPRegen 0.23/turn    (no ring)
MPRegen 0.09/turn

%: acrobat
@: no status effects
A: no striking features
a: no special abilities


You were on level 2 of the Dungeon.
You visited 1 branch of the dungeon, and saw 2 of its levels.

You collected 101 gold pieces.


   Skills:
 - Level 1.5 Fighting
 + Level 7.0 Ranged Weapons
 - Level 2.4 Dodging
 - Level 1.2 Stealth


You had 2 spell levels left.
You didn't know any spells.
Your spell library was empty.

Inventory:

Hand Weapons
 Y - a +0 shortbow (weapon)
Armour
 g - a +0 scale mail (worn)
Jewellery
 e - an amulet of the acrobat (around neck)
Scrolls
 b - a scroll of teleportation {unknown}
Potions
 a - a potion of attraction {unknown}
 k - a potion of haste {unknown}

Dungeon Overview and Level Annotations

Branches:
Dungeon (2/15)

Altars:

Annotations:
D:2 Sigmund


Message History

The slug dart misses you.
You shoot an arrow. The arrow hits the dart slug!
You kill the dart slug!
A nearby plant withers and dies.
You start resting.
A quokka comes into view.
You shoot an arrow. The arrow hits the quokka.
The quokka is almost dead.
You shoot an arrow. The arrow hits the quokka.
You kill the quokka!
You start resting.
HP restored.
Found a leather armour.
Enter note: You see here a quokka corpse.
You now have 101 gold pieces (gained 10).
b - a scroll labelled JIRUDI ROGIP
Enter note: Sigmund the Dreaded comes into view.
He is wielding a +0 scythe.
Sigmund shouts!
Sigmund casts a spell.
Sigmund flickers and vanishes!
Deactivating autopickup; reactivate with Ctrl-A.
Enter note: You shoot an arrow.
You hear some strange, mumbled words.
You are confused.
You shoot an arrow. Something hits you.
You shoot an arrow.
You hear some strange, mumbled words.
A puff of flame appears from out of thin air!
The puff of flame hits you.
You shoot an arrow. Something hits you!
You shoot an arrow.
You feel less confused. Something hits you!
Ouch! That really hurt!
You die...

.......#######.#
###.#..#
##.###.......#.#
#......#
.>.....#####.#.#
#.#.##.####### .......#
#.# #.#..........#
.#.###.# #
#.###.####.#####.# #..#
#.#
#.#.....####.#####.###
##.# #.#
#.#.{................
#.## #.#
#...#..#####.#####.###
.# #.# #..@.#
#.......... .#####..
###.#.# #######.###
........# ###...#.7
##..#
.#####....#.[....77
#..77 .#
.#..P.P.P.7777777 #.77
.#
..P.P......P7..7.7777.7
##
7P.P..P.......7.(7.7.P7
...
.........P...77...77%77
###
.P..........7..7..P.7.7


There were no monsters in sight!

Vanquished Creatures
  An adder (D:2)
  3 dart slugs
  2 ball pythons
  A goblin (D:1)
  4 hobgoblins (D:1)
  4 jackals (D:2)
  4 quokkas
  2 bats (D:1)
  5 frilled lizards
  A kobold (D:1)
  7 rats
34 creatures vanquished.

Notes
Turn   | Place    | Note
-------+----------+-------------------------------------------
     0 | D:1      | qw the Deep Elf Hunter began the quest for the Orb.
     0 | D:1      | Reached XP level 1. HP: 12/12 MP: 3/3
     0 | D:1      | 0 ||| qw: Version: 0.3-a-9-g12657ce
     0 | D:1      | 0 ||| qw: Game counter: 4370
     0 | D:1      | 0 ||| qw: Always use a shield: true
     0 | D:1      | 0 ||| qw: God list: Okawaru
     0 | D:1      | 0 ||| qw: Allow faded altars: false
     0 | D:1      | 0 ||| qw: Do Orc after D:15 true
     0 | D:1      | 0 ||| qw: Do second Lair branch before Depths: true
     0 | D:1      | 0 ||| qw: Lair rune preference: random
     0 | D:1      | 0 ||| qw: Plans: Normal
     0 | D:1      | 0 ||| PLANNING D:1-11
   175 | D:1      | Reached skill level 6 in Ranged Weapons
   175 | D:1      | Reached XP level 2. HP: 13/16 MP: 4/4
   807 | D:1      | 807 ||| UPGRADING to +0 scale mail.
   817 | D:1      | 817 ||| DROPPING +0 leather armour.
   818 | D:1      | 818 ||| UPGRADING to amulet of the acrobat.
   823 | D:1      | 823 ||| READING scroll labelled SEUMAMNORO.
   824 | D:1      | 824 ||| READING scroll labelled QISEXU NUIKE.
   853 | D:1      | 853 ||| READING 2 scrolls labelled SUMNARU CUYRA.
   854 | D:1      | 854 ||| READING scroll labelled YXUFEG GITH.
   855 | D:1      | 855 ||| READING scroll labelled GEVAP ULLO.
   856 | D:1      | 856 ||| DROPPING scroll of butterflies.
   857 | D:1      | 857 ||| DROPPING scroll of fear.
   890 | D:2      | Reached XP level 3. HP: 19/20 MP: 5/5
  1048 | D:2      | Reached skill level 7 in Ranged Weapons
  1077 | D:2      | Noticed Sigmund
  1081 | D:2      | HP: 4/20 [something (8)]
  1082 | D:2      | Mangled by Sigmund

Levels and vault maps discovered:
D:1:      minmay_arrival_diagonal_passages, layout_basic
D:2:      wad_woods_pond, layout_loops_ring, basic_altar, uniq_sigmund

Skill      XL: |  1  2  3 |
---------------+----------+-----
Ranged Weapons | 6 7 |  7.0
Fighting       | |  1.5
Dodging        | |  2.4
Stealth        | |  1.2

Action                     || total
---------------------------++-------
   Fire: Shortbow          ||   105
    Use: Scroll            ||     5
 Armour: Leather armour    ||     1
         Scale mail        ||    18
  Dodge: Dodged            ||    27

Table legend:
 A = Non-vault XP
 B = Vault XP
 C = Vault XP percentage of total XP
 D = Non-vault monster count
 E = Vault monster count
 F = Vault count percentage of total count
                 A         B        C        D         E       F
            +---------+---------+-------+---------+---------+-------
      Total |      70 |       0 |   0.0 |      34 |       0 |   0.0
            +---------+---------+-------+---------+---------+-------
        D:1 |      36 |       0 |   0.0 |      22 |       0 |   0.0
        D:2 |      34 |       0 |   0.0 |      12 |       0 |   0.0
            +---------+---------+-------+---------+---------+-------
